ThisIsTheSuxx0r, neutral female scurrid Tourist }}}}}}}}}}}}}}}}}}} }}}}}}}}} }}}}}}}}}}}}}}}} }}}}}}} }}}}}}}}}}}}. }}}}}} }..}}}}..#.}}}} # # #..}}}}}...} ...# }}}......# #......}}}}..# }}.}}}.}}...}}}}}. #.}}}}I}.<.}}}}}}.# ..}}}}}}}}}}}I}# `}}}}}}}..}}}}}}}}}} }}}}...}}}}}}}}}}}}}} }# }}}}}}}}}}}}}}}.# .......}}}}}}..}}}}}}}}}.}}}}}}} }}}}}}}}}}}}.}}}.} #...}} #}}}}}}}}}}}....}}}}}} # ..}}}}}}}}}}}}}}...}} }..}}}}}}}}}}}.#...}}}}}} }}}}}}}}}}}}}.}}}}}} }}}}}`....}}}}}}} .}}.}}}}}} }}.# }}}}}}}}}} }}}}}}}}}}}}. #..}}}} }}}}}}}}..}} }}}}} }}}}.?..}}}}}}} #.....} }}}}}}}}..#.}} }}} #.}...}. #.#. }}}.}}}}}}} ...} }..}}} } }}}...}}}}}} }}}} }}}}}.. }}}}}.#..}}}}} }}}}} }}}} }}}}}} }.}}}}}} }}}}} } }}}}}} }}}}}}}} }}}}}} ThisIsTheSuxx0r the Rambler Experience level: 1 Strength: 13 Dexterity: 15 Constitution: 13 Intelligence: 13 Wisdom: 6 Charisma: 15 Health: 0(9) Energy: 2(2) Def: 0 Gold: 866 Moves: 57 Dungeon seed: dGLgSSASPluu6-TD Game ID: ThisIsTheSuxx0r_1498232169 Your Inventory: Coins $ - 866 gold pieces Weapons a - 38 uncursed thoroughly rusty +2 darts (in quiver) Armor e - an uncursed +0 Hawaiian shirt (being worn) Comestibles b - 5 uncursed food rations c - 2 uncursed fortune cookies d - an uncursed tripe ration f - 2 uncursed chestnuts g - an uncursed pancake h - an uncursed egg i - an uncursed carrot Scrolls k - 4 uncursed scrolls of blank paper Potions j - 2 uncursed diluted potions of extra healing Wands n - an uncursed very rusty wand of secret door detection (0:15) Tools l - an uncursed expensive camera (0:61) m - an uncursed credit card Spells and supernatural/magical abilities: Name Level Category Fail Memory W - pray for help -- divine ? -- Your skills at the end: Miscellaneous Skills wands [Basic] Weapon Skills dart [Basic] Spellcasting Skills Final Attributes: You were devoutly aligned. You were blinded. You had infravision. You were very stealthy. You are dead. Voluntary challenges: You went without food. You did not adorn yourself with jewelry or accessories. You did not cause conflict. You were not invisible. You did not have reflection. You were not displaced. You were an atheist. You never hit with a wielded weapon. You were a pacifist. You did not use tools. You did not use plumbed fixtures. You did not drink any magical draughts. You were illiterate. You never genocided any monsters. You never polymorphed an object. You never changed form. You used no wishes. You never split a pudding. You never wrote Elbereth's name. You never violated your personal moral code. Dungeon overview: The Dungeons of Doom: levels 1 to 24 Level 1 a long staircase Level 2 Level 3 Level 4 Level 5 Level 6 Level 7 a fountain Level 8 Level 9 Level 10 Level 11 Level 12 Level 13 a fountain Level 14 Level 15 Level 16 Level 17 Level 18 Level 19 Level 20 Level 21 Level 22 Level 23 Level 24 <- You were here many trees History has recorded: On T:1 you entered the Dungeons of Doom to retrieve the Amulet of Yendor! On T:7 you reached level 3 of The Dungeons of Doom. On T:9 you reached level 4 of The Dungeons of Doom. On T:11 you reached level 5 of The Dungeons of Doom. On T:13 you reached level 6 of The Dungeons of Doom. On T:16 you reached level 7 of The Dungeons of Doom. On T:18 you reached level 8 of The Dungeons of Doom. On T:20 you reached level 9 of The Dungeons of Doom. On T:22 you reached level 10 of The Dungeons of Doom. On T:25 you reached level 11 of The Dungeons of Doom. On T:27 you reached level 12 of The Dungeons of Doom. On T:29 you reached level 13 of The Dungeons of Doom. On T:31 you reached level 14 of The Dungeons of Doom. On T:34 you reached level 15 of The Dungeons of Doom. On T:36 you reached level 16 of The Dungeons of Doom. On T:38 you reached level 17 of The Dungeons of Doom. On T:38 you entered the Rogue tribute level. On T:40 you reached level 18 of The Dungeons of Doom. On T:43 you reached level 19 of The Dungeons of Doom. On T:45 you reached level 20 of The Dungeons of Doom. On T:47 you reached level 21 of The Dungeons of Doom. On T:49 you reached level 22 of The Dungeons of Doom. On T:52 you reached level 23 of The Dungeons of Doom. On T:54 you reached level 24 of The Dungeons of Doom. Score breakdown: Gold: 538 ( 53 points) Experience: 1 level ( 0 points) Exploration: 24 levels ( 690 points) Discoveries: 1 item ( 50 points) Variety of kills: 0 monsters ( 0 points) Major goal: (nothing yet) ( 0 points) Survival: died (score multiplied by 3) Total score: 2379 Latest messages: The raven blinds you! You continue digging downward. As you dig, the hole fills with water! You fall into the water! You sink like a rock. Your darts rust! Your wand of secret door detection rusts! You try to crawl out of the water. Pheew! That was close. You hear water falling on coins. You fall into the water! You sink like a rock. Your darts rust further! Your wand of secret door detection rusts further! You try to crawl out of the water. Pheew! That was close. You fall into the water! You sink like a rock. Your darts rust completely! You try to crawl out of the water. Pheew! That was close. Something pecks! (4x) You die... Final status: Aloha ThisIsTheSuxx0r the Tourist, killed by a raven... You died in The Dungeons of Doom on dungeon level 24 with 2379 points, and 866 pieces of gold, after 57 moves. You were level 1 with a maximum of 9 hit points when you died.